 Dungeon Crawl Stone Soup version 0.30.1-9-gdf580d7c3d (webtiles) character file.

Game seed: 15486363449858837713

31 Peloso the Trooper (level 3, 33/33 HPs)
             Began as a Minotaur Fighter on Oct 25, 2023.
             Got out of the dungeon alive.
             The game lasted 00:02:34 (940 turns).

Peloso the Trooper (Minotaur Fighter)                Turns: 940, Time: 00:02:34

Health: 33/33      AC:  7    Str: 20    XL:     3   Next: 7%
Magic:  2/2        EV:  9    Int:  5    God:
Gold:   20         SH:  4    Dex: 11    Spells: 2/2 levels left

rFire   . . .        a - +0 long sword
rCold   x . .        c - +0 buckler
rNeg    . . .        b - +0 scale mail
rPois   .            (helmet restricted)
rElec   .            (no cloak)
rCorr   .            (no gloves)
SInv    .            (no boots)
Will    .....        (no amulet) Stlth
                     (no ring)
HPRegen 0.25/turn    (no ring)
MPRegen 0.08/turn

%: no passive effects
@: brilliant
A: horns 2, retaliatory headbutt, cold vulnerability 1, MP-powered wands
a: no special abilities


You escaped.
You visited 1 branch of the dungeon, and saw 1 of its levels.

You collected 20 gold pieces.

Inventory:

Hand Weapons
 a - a +0 long sword (weapon)
Armour
 b - a +0 scale mail (worn)
 c - a +0 buckler (worn)
Scrolls
 h - 2 scrolls of teleportation {unknown}
Potions
 d - 2 potions of might
 f - a potion of invisibility


   Skills:
 + Level 4.2 Fighting
 + Level 2.9 Long Blades
 + Level 3.9 Armour
 + Level 4.1 Shields


You had 2 spell levels left.
You didn't know any spells.
Your spell library was empty.

Dungeon Overview and Level Annotations

Branches:
Dungeon (1/15)

Altars:


Innate Abilities, Weirdness & Mutations

You have a pair of horns on your head.
You reflexively headbutt those who attack you in melee.
You are vulnerable to cold. (rC-)
You expend magic power (3 MP) to strengthen your wands.


Message History

A quokka is nearby!
The quokka bites you.
You closely miss the quokka. The quokka barely misses you.
You block the quokka's attack.
You closely miss the quokka.
The quokka bites you but does no damage.
You hit the quokka but do no damage.
The quokka bites you but does no damage. x2
You hit the quokka but do no damage. Your headbutt misses the quokka.
The quokka bites you.
You miss the quokka. Your headbutt misses the quokka.
The quokka barely misses you. You block the quokka's attack.
You hit the quokka.
The quokka is almost dead.
The quokka bites you but does no damage.
The quokka barely misses you.
You slash the quokka!
You kill the quokka!
You see here a quokka corpse.
Done exploring.
Done exploring.
Done exploring.
Done exploring.
It was a potion of brilliance.
You feel clever all of a sudden.
It was a potion of invisibility.
You fade into invisibility!
It was a potion of mutation.
You feel extremely strange.
You feel vulnerable to cold.
You feel your magical essence link to the dungeon's wands.
(D) Dungeon
Where to? (? - help)
What level of the Dungeon? (default 1, ? - help)
You flicker for a moment.
There is a fountain of clear blue water here.
There is an escape hatch in the floor here.
You flicker back into view.
There is a staircase leading out of the dungeon here.
Are you sure you want to leave the Dungeon?
This will make you lose the game!
You have escaped!

#......#.................#.#.#..
#......#............####.#.#.#.#
#......#............# #.#.#....
#......#.#######.#..# #.#.###.#
#...................# #.#......
#...##...#########..# #.#####.#
#...#⌠...⌠#⌠...⌠##..####.#####..
#...#...........##..........####
#...#..<...>...@##.#####..######
#...#...........##.# #..##....
#...#⌠...⌠#⌠...⌠##.#####.###....
###.###...#########.##....###....
....##...............#....>...###
######.#####.........#........'..
### #.# #########.#........###
..# #.# #.#.....#### ..# #.#
#.#####.#


There were no monsters in sight!

Vanquished Creatures
  A dart slug (D:1)
  An endoplasm (D:1)
  2 giant cockroaches (D:1)
  A goblin (D:1)
  5 hobgoblins (D:1)
  4 jackals (D:1)
  2 quokkas (D:1)
  4 ball pythons (D:1)
  A bat (D:1)
  3 frilled lizards (D:1)
  A kobold (D:1)
  2 rats (D:1)
27 creatures vanquished.

Notes
Turn   | Place    | Note
-------+----------+-------------------------------------------
     0 | D:1      | Peloso the Minotaur Fighter began the quest for the Orb.
     0 | D:1      | Reached XP level 1. HP: 19/19 MP: 0/0
   170 | D:1      | Reached XP level 2. HP: 27/27 MP: 1/1
   724 | D:1      | Reached XP level 3. HP: 33/33 MP: 2/2
   902 | D:1      | Gained mutation: You are vulnerable to cold. (rC-) [potion
                  | of mutation]
   902 | D:1      | Gained mutation: You expend magic power (3 MP) to
                  | strengthen your wands. [potion of mutation]
   940 | D:$      | Got out of the dungeon alive.

Illustrated notes

Levels and vault maps discovered:
D:1:      nicolae_arrival_escape_room, layout_basic

Skill      XL: |  1  2 |
---------------+-------+-----
Fighting       | 4 |  4.2
Shields        | 4 |  4.1
Long Blades    | |  2.9
Armour         | |  3.9

Action                     || total
---------------------------++-------
  Melee: Long sword        ||    68
         Headbutt          ||     8
    Use: Potion            ||     3
 Armour: Scale mail        ||    28
  Dodge: Dodged            ||    33
  Block: Buckler           ||    16
